 Dungeon Crawl Stone Soup version 0.18-a0-1159-gf481d65 (webtiles) character file.

32 Reinor the Caller (level 3, -3/24 HPs)
             Began as a Mummy Summoner on Jan 24, 2016.
             Slain by a gnoll
             ... wielding a +0 club
              (8 damage)
             ... on level 2 of the Dungeon.
             The game lasted 00:06:10 (1495 turns).

Reinor the Caller (Mummy Summoner)                  Turns: 1495, Time: 00:06:10

Health: -3/24      AC:  2    Str: 11    XL:     3   Next: 8%
Magic:  3/6        EV:  6    Int: 15    God:
Gold:   65         SH:  0    Dex: 12    Spells: 2 memorised, 3 levels left

rFire  x . .     SeeInvis .     e - +0 spear
rCold  + . .     Gourm    .     a - +0 robe
rNeg   + + +     Faith    .     (no shield)
rPois  ∞         Spirit   .     (no helmet)
rElec  .         Dismiss  .     (no cloak)
rCorr  .         Reflect  .     (no gloves)
SustAt .         Harm     .     (no boots)
MR     .....                    (no amulet)
Stlth  ++........               (no ring)
                                (no ring)

@: held, not resistant to hostile enchantments, unstealthy
A: no food or potions, fire vulnerability, cold resistance 1, negative energy
resistance 3, torment resistance, unbreathing
a: no special abilities


You were on level 2 of the Dungeon.
You were not hungry.

You visited 1 branch of the dungeon, and saw 2 of its levels.

You collected 65 gold pieces.

Inventory:

Hand Weapons
 e - a +0 spear (weapon)
Armour
 a - a +0 robe (worn)
Scrolls
 c - a scroll of teleportation
 f - a scroll of blinking
Books
 b - a book of Callings

   Spells                             Type                      Level
   a - Summon Small Mammal            Summoning                    1
   b - Call Imp                       Summoning                    2
   c - Call Canine Familiar           Summoning                    3
   d - Summon Guardian Golem          Hexes/Summoning              3
   e - Summon Lightning Spire         Summoning/Air                4
   f - Summon Ice Beast               Ice/Summoning                4


   Skills:
   Level 0.1 Axes
 - Level 1.5 Dodging
 - Level 1.5 Stealth
 - Level 2.0 Spellcasting
 + Level 4.1 Summonings


You had 3 spell levels left.
You knew the following spells:

 Your Spells              Type           Power        Failure   Level  Hunger
a - Summon Small Mammal   Summ           ##..         4%          1    N/A
b - Call Imp              Summ           ##......     8%          2    N/A

Dungeon Overview and Level Annotations

Branches:
Dungeon (2/15)

Altars:


Innate Abilities, Weirdness & Mutations

You do not eat or drink.
Your flesh is vulnerable to fire.
You are immune to poison.
Your flesh is cold resistant.
You are immune to negative energy.
You are immune to unholy pain and torment.
You can survive without breathing.


Message History

The jackal dies!
A gnoll comes into view. It is wielding a club.
The gnoll throws a throwing net.
The throwing net hits you.
You become entangled in the net!
You try to slip out of the net.
Your white imp gestures at the gnoll.
The puff of frost hits the gnoll.
You try to slip out of the net.
You try to slip out of the net.
Your crimson imp disappears in a puff of smoke!
Your white imp disappears in a puff of smoke!
You struggle against the net.
You slip out of the net!
The gnoll hits you with a flail!
* * * LOW HITPOINT WARNING * * *
The gnoll throws a throwing net.
The throwing net hits you.
You become entangled in the net!
The gnoll hits you with a club.
* * * LOW HITPOINT WARNING * * *
You see here a throwing net.
You struggle to escape the net.
The gnoll hits you with a club!
You die...

#.###.........##
#...#####......##
#########>#....#..%.....##
##.....#.....##...........#
##.............##..........#
#...............#.........)##
#............................
#...........gg..#†%.........<
#...........@....#.........##
#....)......)..............##
#...............#...........#
##............†##............
##.....#.......#............
#############.............#
#.#.......)#.# ..#.. . ..# ##


You could see 2 gnolls.

Vanquished Creatures
  An ooze (D:1)
  A giant cockroach (D:1)
  A hobgoblin (D:2)
  A bat (D:1)
  A giant newt (D:1)
5 creatures vanquished.

Vanquished Creatures (collateral kills)
  A gnoll (D:2)
  An adder (D:2)
  3 goblins (D:1)
  2 hobgoblins (D:1)
  3 jackals (D:2)
  4 bats
  A giant newt (D:2)
  6 kobolds
  3 rats
24 creatures vanquished.

Grand Total: 29 creatures vanquished

Notes
Turn   | Place    | Note
--------------------------------------------------------------
     0 | D:1      | Reinor the Mummy Summoner began the quest for the Orb.
     0 | D:1      | Reached XP level 1. HP: 13/13 MP: 3/3
   488 | D:1      | Reached XP level 2. HP: 14/19 MP: 3/5
   627 | D:1      | Learned a level 2 spell: Call Imp
  1146 | D:2      | Reached skill level 4 in Summonings
  1478 | D:2      | Reached XP level 3. HP: 17/24 MP: 2/6
  1495 | D:2      | Slain by a gnoll

Vault maps used:
D:1:      matt_arrival_refuge, hex_intersection
D:2:      first_bread, grunt_decor_fettered

Action                   || total
-------------------------++-------
Melee: Unarmed           ||    14
       Hand axe          ||     7
 Cast: Summon Small Mamm ||    22
       Call Imp          ||    10
  Use: Scroll            ||     2
